 Dungeon Crawl Stone Soup version 0.14-a0-1388-g200237c (webtiles) character file.

1751 PolkaDot the Ducker (level 8, 0/61 HPs)
             Began as a Vampire Death Knight on Dec 9, 2013.
             Was an Elder of Yredelemnul.
             Succumbed to a killer bee's poison
             ... on Level 8 of the Dungeon.
             The game lasted 00:30:53 (6084 turns).

PolkaDot the Ducker (Vampire Death Knight)          Turns: 6084, Time: 00:30:53

HP   0/61        AC 14     Str 13      XL: 8   Next: 48%
MP   2/10        EV 13     Int 13      God: Yredelemnul [****..]
Gold 290         SH  0     Dex 15      Spells:  0 memorised,  7 levels left

rFire  . . .     SeeInvis +     a - +1 short sword
rCold  . . .     Clarity  .     A - +1 mottled dragon armour
rNeg   + . .     Conserve .     (no shield)
rPois  .         rCorr    .     (no helmet)
rElec  .         rRot     .     g - +1 cloak
SustAb . .       Spirit   .     y - +0 pair of gloves
rMut   .         Warding  .     (no boots)
Saprov . . .     Stasis   .     (no amulet)
                                k - +1 ring of strength
                                h - +3 ring of protection

@: mildly poisoned, somewhat resistant to hostile enchantments, very unstealthy
A: bottle blood, fangs 3, see invisible, unbreathing
a: Bat Form, Bottle Blood, Animate Dead, Recall Undead Slaves, Injury Mirror,
Drain Life, Renounce Religion


You were on level 8 of the Dungeon.
You worshipped Yredelemnul.
Yredelemnul was greatly pleased with you.
You were not thirsty.

You visited 1 branch of the dungeon, and saw 8 of its levels.

You collected 290 gold pieces.

Inventory:

Hand weapons
 a - a +1,+1 short sword (weapon)
 q - a +1,+3 dagger of speed
Armour
 g - a +1 cloak (worn)
 y - a +0 pair of gloves (worn)
 A - a +1 mottled dragon armour (worn)
Scrolls
 b - 2 scrolls of identify
 c - a scroll of curse armour
 d - a scroll of magic mapping
 e - 2 scrolls of enchant weapon II
 n - a scroll of recharging
 p - 4 scrolls of remove curse {unknown}
 s - a scroll of random uselessness
 t - a scroll of amnesia
 z - 3 scrolls of noise
Jewellery
 h - a +3 ring of protection (left hand)
 k - a +1 ring of strength (right hand)
 m - an uncursed ring of wizardry
 w - a +3 ring of intelligence
Potions
 f - 3 potions of flight
 i - a potion of lignification
 l - 2 potions of mutation


   Skills:
 + Level 4.9 Fighting
 - Level 5.7 Short Blades
 * Level 4.6 Armour
 + Level 5.9 Dodging
 - Level 2.4 Invocations


You had 7 spell levels left.
You didn't know any spells.

Dungeon Overview and Level Annotations

Branches:
Dungeon (8/16)             Temple (0/1) D:4
   Lair: D:8-11

Altars:
Xom
Zin


Innate Abilities, Weirdness & Mutations

You can bottle blood from corpses.
You have razor-sharp teeth.*
You have supernaturally acute eyesight.
You can survive without breathing.*


Message History

Something barely misses your killer bee zombie.
Your killer bee zombie misses something.
Something closely misses your killer bee zombie.
Something stings your killer bee zombie!
Your killer bee zombie is destroyed!
* * * LOW HITPOINT WARNING * * *
You feel sick.
The killer bee buzzes angrily.
* * * LOW HITPOINT WARNING * * *
You feel sick.
Things that are here:
an orcish club; a robe
* * * LOW HITPOINT WARNING * * *
You feel sick. The killer bee stings you.
* * * LOW HITPOINT WARNING * * *
The killer bee stings you but does no damage.
You see here a +2 leather armour of magic resistance.
You die...
Yredelemnul claims you as an undead slave.

##)......#
##.###.#.#
#)##..#.#
##.##.##.#### ###
.#.##.##.##.. ..#
.#.......##.# #.#
......#####.#####.#
.######
#)##....##########
.#
#.....@[k.)k.).).#
.# ###
#.......########.#
## ##.####.##>##.#
#....k.#
#..z.z.....##.#
#.###..#
##z####.#####.#
#..# #####.# #.#
#.# #.## ##.z.z.#
#.. ..# .> .#z###.#
#### ... ##
#...##.# ...


You could see 2 killer bees.

Vanquished Creatures
  The ghost of Somebody the Reanimator, an experienced DENe (D:5)
  An ice beast (D:5)
  4 giant frogs
  3 killer bees (D:8)
  2 orc priests (D:8)
  A gnoll shaman (D:5)
  2 hounds
  2 orc wizards (D:4)
  An iguana (D:8)
  Jessica (D:2)
  13 adders
  8 gnolls
  An inept feature mimic (D:3)
  3 worms
  2 gnoll zombies (D:5)
  An iguana zombie (D:5)
  5 giant geckos
  8 orcs
  12 bats
  2 bat skeletons
  A bat zombie (D:5)
  3 giant cockroaches
  8 hobgoblins
  2 jackals (D:8)
  3 kobolds
  5 quokkas
  4 giant newts
  15 goblins
  2 kobold skeletons
  A kobold zombie (D:5)
  An orc skeleton (D:5)
  An orc zombie (D:8)
  11 rats
  A rat skeleton (D:5)
131 creatures vanquished.

Vanquished Creatures (collateral kills)
  A water moccasin (D:6)
  A killer bee (D:8)
  A crimson imp (D:8)
  A scorpion (D:5)
  A centaur skeleton (D:5)
  A worker ant (D:8)
  4 adders
  6 gnolls
  An ooze (D:3)
  4 orcs (D:8)
  A giant cockroach (D:3)
  A gnoll zombie (D:5)
  A hobgoblin (D:2)
  A jackal (D:8)
  A ball python (D:2)
  2 kobolds
  A rat (D:2)
29 creatures vanquished.

Vanquished Creatures (others)
  A giant frog zombie (D:8)
  A killer bee zombie (D:8)
  A hound zombie (D:5)
  An iguana zombie (D:8)
  2 adder skeletons (D:8)
  An adder zombie (D:5)
  A bat skeleton (D:1)
  A bat zombie (D:7)
  A giant cockroach zombie (D:2)
  A giant newt zombie (D:2)
  A goblin zombie (D:5)
  2 kobold zombies
  7 orc zombies
  A quokka zombie (D:2)
  A rat skeleton (D:8)
  A rat zombie (D:5)
24 creatures vanquished.

Grand Total: 184 creatures vanquished

Notes
Turn   | Place    | Note
--------------------------------------------------------------
     0 | D:1      | PolkaDot, the Vampire Death Knight, began the quest for the Orb.
     0 | D:1      | Reached XP level 1. HP: 16/16 MP: 1/1
    77 | D:1      | Reached XP level 2. HP: 22/22 MP: 2/2
   184 | D:1      | Reached skill level 3 in Short Blades
   254 | D:1      | HP: 1/22 [poisoned by a kobold]
   363 | D:1      | Reached XP level 3. HP: 20/27 MP: 0/4
   643 | D:2      | Acquired Yredelemnul's second power
   778 | D:2      | Noticed Jessica
   799 | D:2      | Killed Jessica
   799 | D:2      | Reached XP level 4. HP: 19/34 MP: 5/5
   912 | D:2      | Reached skill level 4 in Short Blades
  1508 | D:3      | Reached XP level 5. HP: 37/39 MP: 6/6
  2374 | D:4      | Reached skill level 5 in Short Blades
  2380 | D:4      | Acquired Yredelemnul's third power
  2481 | D:4      | Reached XP level 6. HP: 21/47 MP: 8/8
  2808 | D:4      | Found a staircase to the Ecumenical Temple.
  3061 | D:5      | Entered Level 5 of the Dungeon
  3359 | D:5      | Found a glowing silver altar of Zin.
  3626 | D:5      | Reached skill level 1 in Armour
  3626 | D:5      | Reached XP level 7. HP: 39/52 MP: 9/9
  3727 | D:5      | Noticed Somebody's ghost (experienced DENe)
  4151 | D:5      | Killed Somebody's ghost
  4151 | D:5      | Reached skill level 5 in Dodging
  4433 | D:6      | Found a shimmering altar of Xom.
  4799 | D:8      | Reached XP level 8. HP: 7/61 MP: 10/10
  5471 | D:8      | HP: 2/61 [orc priest/nerve-wracking pain (3)]
  5921 | D:8      | Acquired Yredelemnul's fourth power
  6081 | D:8      | HP: 3/61 [poisoned by a killer bee]
  6082 | D:8      | HP: 1/61 [killer bee (3)]
  6084 | D:8      | Succumbed to a killer bee's poison

Action                   |  1- 3 |  4- 6 |  7- 9 || total
-------------------------+-------+-------+-------++-------
Melee: Short sword       |    98 |    42 |   253 ||   393
       Dagger            |       |   362 |    56 ||   418
Invok: Animate Remains   |     7 |     9 |       ||    16
       Animate Dead      |       |     6 |    17 ||    23
       Recall Undead Sla |       |     1 |     3 ||     4
  Use: Potion            |     1 |     2 |     5 ||     8
       Scroll            |     1 |    11 |    12 ||    24
 Stab: Invisible         |       |     5 |       ||     5
       Sleeping          |       |     1 |       ||     1
       Distracted        |       |       |     2 ||     2
